 Dungeon Crawl Stone Soup version 0.25.1-2-g60ff931df9 (webtiles) character file.

Game seed: 4993386617486421163

81607 Fallenstar the Severer (level 15, -5/134 HPs)
             Began as a Minotaur Fighter on Sept 11, 2020.
             Was a High Priest of Trog.
             Killed from afar by a hell hog (13 damage)
             ... with a fireball
             ... on level 2 of the Abyss.
             The game lasted 02:00:29 (24964 turns).

Fallenstar the Severer (Minotaur Fighter)          Turns: 24964, Time: 02:00:29

Health: -5/134     AC: 25    Str: 34    XL:     15   Next: 27%
Magic:  4/4        EV:  7    Int:  5    God:    Trog [*****.]
Gold:   1190       SH: 32    Dex: 12    Spells: 14/14 levels left

rFire    . . .     SeeInvis .   a - +8 broad axe (antimagic)
rCold    . . .     Gourm    .   x - +3 tower shield
rNeg     . . .     Faith    .   Q - +10 plate armour of the Undertaker {Harm}
rPois    .         Spirit   .   (helmet restricted)
rElec    .         Reflect  +   (no cloak)
rCorr    .         Harm     +   g - +2 pair of gloves {Str+3}
MR       ++...                  M - +0 pair of boots
Stlth    ..........             p - amulet of reflection
HPRegen  0.32/turn              R - +6 ring of strength
MPRegen  0.09/turn              i - ring of protection from magic

@: hasted, very quick
A: retaliatory headbutt, horns 2, deformed body
a: Berserk, Trog's Hand, Brothers in Arms, Renounce Religion


You were on level 2 of the Abyss.
You worshipped Trog.
Trog was extremely pleased with you.
You were not hungry.

You visited 4 branches of the dungeon, and saw 22 of its levels.
You visited the Abyss 1 time.
You also visited: Ossuary and Ice Cave.

You collected 2265 gold pieces.
You spent 1075 gold pieces at shops.

Inventory:

Hand Weapons
 a - a +8 antimagic broad axe (weapon)
 m - the +9 battleaxe of Patterns {vorpal, rC++}
   (Trog gifted it to you on level 13 of the Dungeon)

   It inflicts extra damage upon your enemies.
   It greatly protects you from cold.
 P - a +3 war axe of flaming
Armour
 g - a +2 pair of gloves of strength (worn)
 q - a +1 plate armour of fire resistance
 x - a +3 tower shield (worn)
 M - a +0 pair of boots (worn)
 Q - the +10 plate armour of the Undertaker (worn) {Harm}
   (You bought it in a shop on level 2 of the Orcish Mines)

   It increases damage dealt and taken.
Jewellery
 i - a ring of protection from magic (right hand)
 p - an amulet of reflection (around neck)
 O - an uncursed ring of see invisible
 R - a +6 ring of strength (left hand)
 T - an uncursed amulet of regeneration
Wands
 b - a wand of acid (8)
 e - a wand of clouds (4)
 k - a wand of digging (2)
 l - a wand of flame (9)
 v - a wand of iceblast (32)
 w - a wand of enslavement (14)
 C - a wand of polymorph (16)
 G - a wand of disintegration (22)
 U - a wand of paralysis (7)
Scrolls
 d - a scroll of vulnerability {unknown}
 h - a scroll of silence {unknown}
 o - 14 scrolls of remove curse
 r - 4 scrolls of fog
 s - a scroll of enchant armour
 u - 3 scrolls of teleportation
 y - a scroll of enchant weapon
 B - 4 scrolls of fear
 E - a scroll of acquirement {unknown}
 I - 4 scrolls of magic mapping
 J - 3 scrolls of summoning
 K - 2 scrolls of noise {unknown}
 S - a scroll of holy word {unknown}
Potions
 c - a potion of stabbing
 f - 2 potions of cancellation
 n - 5 potions of might
 t - 3 potions of flight
 A - 2 potions of resistance
 D - a potion of ambrosia
 H - 3 potions of brilliance {unknown}
 N - 2 potions of berserk rage
 Z - a potion of curing
Comestibles
 j - 22 rations


   Skills:
 + Level 12.9 Fighting
 + Level 18.5 Axes
 + Level 12.6 Armour
 - Level 0.7 Dodging
 - Level 0.2 Stealth
 + Level 18.5 Shields


You had 14 spell levels left.
You didn't know any spells.
Your spell library contained the following spells:

 Spells                   Type           Power        Failure   Level  Hunger
 Shock                    Conj/Air       #...         99%         1    ##.....
 Swiftness                Chrm/Air       #.......     100%        2    ###....
 Static Discharge         Conj/Air       #.......     100%        3    ####...
 Airstrike                Air            #.........   100%        4    #####..
 Lightning Bolt           Conj/Air       #.........   100%        5    ######.


Dungeon Overview and Level Annotations

Branches:
Dungeon (15/15)            Temple (1/1) D:4            Lair (4/6) D:8
  Swamp (0/4) Lair:2        Snake (0/4) Lair:4          Orc (2/2) D:9
    Elf (0/3) Orc:2        Vaults (0/5) D:13         Depths (0/5) D:15
Ossuary (visited)           IceCv (visited)

Altars:
Ashenzari
Cheibriados
Dithmenos
Fedhas
Gozag
Hepliaklqana
Kikubaaqudgha
Makhleb
Nemelex Xobeh
Okawaru
Qazlal
Ru
Sif Muna
Trog
Uskayaw
Vehumet
Wu Jian
Xom
Zin
The Shining One
Beogh

Shops:
D:5 *   D:15 *   Orc:2 }%}[[

Portals:
Trove: D:10 (give 6 scrolls of fear)

Annotations:
D:3 1 runed translucent door, Crazy Yiuf
D:13 6 runed translucent doors
Lair:3 3 runed translucent doors, zergursh's ghost, journeyman TrMo
Lair:4 Sonja


Innate Abilities, Weirdness & Mutations

You reflexively headbutt those who attack you in melee.
You have a pair of horns on your head.
Armour fits poorly on your strangely shaped body.


Message History

Press: ? - help, Shift-Dir - straight line, f - hell hog
Aim: a hell hog (chance to defeat MR: 28%)
The hell hog easily resists.
Your ogre closely misses the hell hog.
The hell hog bites your ogre.
Aiming: Disintegrate
Press: ? - help, Shift-Dir - straight line, f/p - hell hog
Aim: a hell hog (chance to defeat MR: 48%)
Okay, then.
You slash the hell hog!
The hell hog is moderately wounded.
You barely miss the hell hog. You block the hell hog's attack. x2
You slash the hell hog!
The hell hog is heavily wounded.
You slice the hell hog!!
You kill the hell hog!
Trog accepts your kill. The hell hog bites your ogre!
Your ogre barely misses the hell hog.
The hell hog breathes fire at you.
The fireball explodes!
The fireball engulfs you!
You die...

. .. ..... . . . #..
#..# ..# ..# .
##..##..##..##..# .
.............. .. .
... .......... ... #..
#.. #..##..# ..#
....##..##..##..##..##
# ........@h.........
...........T........ .
##..##Oh##†.##..## . .
#..##..##..## .## . ..
.....h.... .. . .
...............). ..
##..##..##. ##..## ∩
#..##..##$.# ..# ♣
...... .. .. .. ...


You could see 2 hell hogs, a friendly iron troll (summoned, berserk) and a
friendly ogre (summoned, berserk).

Vanquished Creatures
  A lich (D:13)
  A stone giant (Orc:2)
  Azrael (D:13)
  Snorg (Orc:2)
  Erolcha (D:9)
  3 hydras
  6 centaur warriors
  2 dancing weapons (D:13)
  5 two-headed ogres
  A hell hog (Abyss:2)
  4 orc high priests (Orc:2)
  7 hell knights (D:14)
  Nergalle (D:10)
  4 unseen horrors
  2 necromancers
  3 orc knights
  14 ugly things
  An orc sorcerer (Orc:2)
  2 cyclopes (Orc:2)
  2 manticores
  4 elephants (Lair:2)
  A black mamba (Lair:3)
  4 ice statues (IceCv)
  7 spiny frogs (Lair:3)
  A gargoyle (D:15)
  4 centaur skeletons
  2 rime drakes (Lair:2)
  10 ice devils (IceCv)
  2 komodo dragons (Lair:1)
  A freezing wraith (D:13)
  A yaktaur (D:13)
  2 queen bees
  5 trolls
  A queen bee (shapeshifter) (D:15)
  Prince Ribbit (D:6)
  2 hornets
  2 dream sheep (D:8)
  9 slime creatures
  Sigmund (D:2)
  A blink frog (Lair:3)
  7 hippogriffs
  3 vampires (D:15)
  3 wyverns
  12 yaks
  A shadow (D:12)
  4 fire elementals (D:13)
  A vampire mosquito (D:13)
  A hog (shapeshifter) (D:15)
  5 basilisks
  2 hungry ghosts
  2 nagas (Lair:4)
  4 wargs
  A soldier ant (D:14)
  6 water moccasins
  An acid dragon (D:15)
  A soldier ant (shapeshifter) (D:15)
  9 porcupines
  9 hell hounds
  2 ice beasts
  A hornet zombie (D:12)
  24 orc warriors
  5 sky beasts
  A black bear (D:9)
  3 phantoms
  A necrophage (D:8)
  16 centaurs
  2 eyes of draining (D:13)
  4 boggarts (D:15)
  3 wolves (Lair:3)
  17 ogres
  6 crocodiles
  6 big kobolds
  16 bullfrogs
  4 wyvern zombies
  2 gnoll sergeants
  A wyvern skeleton (D:10)
  4 scorpions
  63 killer bees
  4 wights (D:6)
  6 howler monkeys
  4 crimson imps
  2 centaur zombies
  3 bullfrog zombies
  A draconian simulacrum (IceCv)
  6 starcursed masses (Abyss:2)
  9 hounds
  6 jellies
  A quasit (D:12)
  31 orc wizards
  29 orc priests
  3 bullfrog skeletons
  Jessica (D:2)
  2 iguanas
  14 worker ants
  2 troll simulacra (IceCv)
  A centaur simulacrum (IceCv)
  A hound skeleton (D:8)
  8 mummies (Ossuary)
  Robin (D:2)
  12 gnolls
  A worker ant zombie (D:10)
  A howler monkey skeleton (D:9)
  A river rat (Lair:3)
  10 adders
  3 naga simulacra (IceCv)
  3 ogre simulacra (IceCv)
  2 shadow imps
  2 oozes
  3 adder zombies
  3 adder skeletons
  2 dart slugs (D:2)
  4 worms
  6 leopard geckos
  107 orcs
  8 bats
  5 giant cockroaches
  14 goblins
  7 hobgoblins
  8 jackals
  14 kobolds
  3 quokkas
  2 ball pythons
  8 frilled lizards
  5 hobgoblin zombies (Ossuary)
  2 kobold zombies (Ossuary)
  A leopard gecko zombie (D:4)
  An orc zombie (Ossuary)
  A quokka skeleton (D:9)
  4 rats
  A fungus (Lair:3)
755 creatures vanquished.

Vanquished Creatures (collateral kills)
  3 liches (D:13)
  The ghost of gruber the Blocker, a journeyman GnFi of Gozag (D:13)
  A centaur warrior (D:15)
  A hell hog (Abyss:2)
  2 elephants (Lair:2)
  A spiny frog (Lair:2)
  A rime drake (Lair:2)
  A komodo dragon (Lair:2)
  2 slime creatures (D:15)
  A warg (D:15)
  An orc warrior (D:15)
  A centaur (D:15)
  An orc (D:15)
17 creatures vanquished.

Vanquished Creatures (others)
  An ice beast (D:12)
  A boggart (D:15)
  A bullfrog (D:12)
  A howler monkey (D:12)
  A shadow imp (D:13)
  A kobold (D:10)
  A fungus (Lair:4)
  A lurking horror (Abyss:2)
  2 plants (Lair:4)
10 creatures vanquished.

Grand Total: 782 creatures vanquished

Notes
Turn   | Place    | Note
-------+----------+-------------------------------------------
     0 | D:1      | Fallenstar the Minotaur Fighter began the quest for the
                  | Orb.
     0 | D:1      | Reached XP level 1. HP: 19/19 MP: 0/0
   300 | D:1      | Reached XP level 2. HP: 27/27 MP: 1/1
   657 | D:1      | Found a glowing golden altar of the Shining One.
   933 | D:2      | Noticed Robin
  1023 | D:2      | Reached XP level 3. HP: 31/33 MP: 2/2
  1029 | D:2      | Killed Robin
  1033 | D:2      | Reached XP level 4. HP: 26/40 MP: 3/3
  1052 | D:2      | Noticed Sigmund
  1167 | D:2      | Killed Sigmund
  1167 | D:2      | Reached skill level 5 in Axes
  1167 | D:2      | Reached XP level 5. HP: 45/47 MP: 4/4
  1223 | D:2      | Reached XP level 6. HP: 48/53 MP: 5/5
  1269 | D:2      | Noticed Jessica
  1279 | D:2      | Killed Jessica
  1563 | D:2      | Found a glowing silver altar of Zin.
  1744 | D:2      | Reached skill level 5 in Armour
  1880 | D:3      | Reached skill level 5 in Shields
  1961 | D:3      | Found a runed translucent door.
  1962 | D:3      | Noticed Crazy Yiuf
  1981 | D:3      | You fall into a shaft and drop 2 floors!
  1981 | D:5      | Entered Level 5 of the Dungeon
  2218 | D:4      | Reached XP level 7. HP: 58/60 MP: 6/6
  2398 | D:4      | Reached skill level 5 in Fighting
  2513 | D:4      | Found a sand-covered staircase.
  2518 | Ossuary  | Entered an ossuary
  2993 | D:4      | Found a snail-covered altar of Cheibriados.
  2994 | D:4      | Found a sparkling altar of Nemelex Xobeh.
  3001 | D:4      | Found a radiant altar of Vehumet.
  3005 | D:4      | Found a burning altar of Makhleb.
  3005 | D:4      | Found a bloodstained altar of Trog.
  3146 | D:4      | Reached XP level 8. HP: 55/69 MP: 7/7
  3597 | D:4      | Found a staircase to the Ecumenical Temple.
  3599 | D:4      | Found a faded altar of an unknown god.
  3651 | Temple   | Entered the Ecumenical Temple
  3852 | D:4      | Became a worshipper of Trog the Wrathful
  4104 | D:5      | Found Kafutis's Lightly-Used Armoury.
  5206 | D:6      | Reached XP level 9. HP: 60/75 MP: 8/8
  5332 | D:6      | Reached * piety under Trog
  5332 | D:6      | Reached skill level 10 in Axes
  5626 | D:6      | Noticed Prince Ribbit
  5636 | D:6      | Killed Prince Ribbit
  5821 | D:6      | Found an iron altar of Okawaru.
  6838 | D:7      | Found a blossoming altar of Fedhas.
  7301 | D:8      | Reached ** piety under Trog
  7381 | D:8      | Found a staircase to the Lair.
  7423 | D:8      | Found a stormy altar of Qazlal.
  7469 | D:8      | Reached XP level 10. HP: 77/86 MP: 9/9
  7761 | D:8      | Reached skill level 10 in Shields
  7825 | D:8      | Noticed a three-headed hydra
  8138 | D:9      | Found a staircase to the Orcish Mines.
  8181 | D:9      | Reached *** piety under Trog
  8260 | D:9      | Found a roughly hewn altar of Beogh.
  8579 | D:9      | Found an opulent altar of Gozag.
  8580 | D:9      | Noticed Erolcha
  8588 | D:9      | Killed Erolcha
  8780 | D:9      | Reached **** piety under Trog
  9401 | Orc:1    | Entered Level 1 of the Orcish Mines
  9766 | Orc:1    | Noticed an orc knight
  9766 | Orc:1    | Noticed an orc knight
  9781 | Orc:1    | Killed an orc knight
  9781 | Orc:1    | Reached XP level 11. HP: 94/94 MP: 10/10
 10417 | D:10     | Entered Level 10 of the Dungeon
 10588 | D:10     | Noticed Nergalle
 10600 | D:10     | Killed Nergalle
 10695 | D:10     | Found a portal to a secret trove of treasure.
 11191 | D:11     | Noticed a purple ugly thing
 11205 | D:11     | Killed a purple ugly thing
 11437 | D:11     | Noticed a red ugly thing
 11446 | D:11     | Killed a red ugly thing
 11961 | D:12     | Noticed a two-headed ogre
 11967 | D:12     | Killed a two-headed ogre
 12107 | D:12     | Reached ***** piety under Trog
 12405 | D:12     | Noticed a red ugly thing
 12421 | D:12     | Killed a red ugly thing
 12769 | D:13     | Noticed a +5 long sword
 12770 | D:13     | Found a gate to the Vaults.
 12771 | D:13     | Noticed a +7 long sword
 12785 | D:13     | Killed a +5 long sword
 12787 | D:13     | Killed a +7 long sword
 12857 | D:13     | Reached XP level 12. HP: 104/104 MP: 11/11
 12898 | D:13     | Found a runed translucent gate.
 12898 | D:13     | Found a runed translucent gate.
 12898 | D:13     | Noticed a lich
 12899 | D:13     | Found a runed translucent gate.
 12899 | D:13     | Noticed a lich
 12899 | D:13     | Noticed a lich
 12900 | D:13     | Found an ancient bone altar of Kikubaaqudgha.
 12900 | D:13     | Noticed gruber's ghost (journeyman GnFi)
 12901 | D:13     | Noticed a lich
 13092 | D:13     | Noticed a centaur warrior
 13102 | D:13     | Killed a centaur warrior
 13204 | D:13     | Noticed a two-headed ogre
 13209 | D:13     | Killed a two-headed ogre
 13235 | D:13     | Received a gift from Trog
 13239 | D:13     | Found a runed translucent gate.
 13239 | D:13     | Found a runed translucent gate.
 13239 | D:13     | Found a runed translucent gate.
 13269 | D:13     | Noticed a yaktaur captain
 13272 | D:13     | Noticed an ettin
 13311 | D:13     | Noticed Azrael
 13798 | D:8      | Reached skill level 15 in Axes
 13923 | D:8      | Noticed a two-headed ogre
 13933 | D:8      | Killed a two-headed ogre
 14001 | D:8      | Reached skill level 10 in Fighting
 14171 | D:8      | Killed a one-headed hydra
 14681 | Orc:1    | Found a roughly hewn altar of Beogh.
 14978 | Orc:2    | Entered Level 2 of the Orcish Mines
 14994 | Orc:2    | Reached skill level 10 in Armour
 15036 | Orc:2    | Noticed a stone giant
 15230 | Orc:2    | Killed a stone giant
 15486 | Orc:2    | Noticed Snorg
 15495 | Orc:2    | Killed Snorg
 15495 | Orc:2    | Reached skill level 15 in Shields
 15556 | Orc:2    | Found Meimokig's Gadget Shoppe.
 15724 | Orc:2    | Received a gift from Trog
 15758 | Orc:2    | Noticed an orc high priest
 15758 | Orc:2    | Noticed an orc high priest
 16154 | Orc:2    | Killed an orc high priest
 16154 | Orc:2    | Reached XP level 13. HP: 114/114 MP: 12/12
 16160 | Orc:2    | Gained mutation: Armour fits poorly on your strangely
                  | shaped body. [a neqoxec]
 16227 | Orc:2    | Found Zukus's Gadget Shop.
 16227 | Orc:2    | Found Ylelasun's Armour Boutique.
 16227 | Orc:2    | Found Wuptezxo's Armour Boutique.
 16410 | Orc:2    | Found Betro's Food Shop.
 16462 | Orc:2    | Bought a +0 pair of gloves of strength for 195 gold pieces
 16536 | Orc:2    | Bought the +10 plate armour of the Undertaker {Harm} for
                  | 880 gold pieces
 16627 | Orc:2    | Received a gift from Trog
 16685 | Orc:2    | Found a staircase to the Elven Halls.
 17352 | D:13     | Found a runed translucent gate.
 17352 | D:13     | Found a runed translucent gate.
 17352 | D:13     | Found a runed translucent gate.
 17539 | D:13     | Killed Azrael
 17851 | D:13     | Noticed a fire giant
 18679 | D:14     | Received a gift from Trog
 19128 | D:14     | Reached XP level 14. HP: 125/125 MP: 4/13
 19218 | D:15     | Entered Level 15 of the Dungeon
 19631 | D:15     | Found a staircase to the Depths.
 19715 | D:15     | Found Wautwure's Blood Bar.
 20301 | Lair:1   | Entered Level 1 of the Lair of Beasts
 20908 | Lair:2   | Found a staircase to the Swamp.
 21315 | Lair:2   | Found a frozen archway.
 21322 | Lair:2   | Received a gift from Trog
 21330 | IceCv    | Entered an ice cave
 22672 | Lair:3   | Found a runed translucent gate.
 22673 | Lair:3   | Found a runed translucent gate.
 22673 | Lair:3   | Noticed zergursh's ghost (journeyman TrMo)
 22677 | Lair:3   | Found a runed translucent gate.
 23238 | D:13     | Killed a lich
 23239 | D:13     | Killed a lich
 23242 | D:13     | Killed a lich
 23242 | D:13     | Reached XP level 15. HP: 73/134 MP: 14/14
 23246 | D:13     | Killed a lich
 23258 | D:13     | Killed gruber's ghost
 23258 | D:13     | Received a gift from Trog
 23259 | D:13     | Got a fading battleaxe {god gift}
 23274 | D:13     | Got a pair of spiked boots
 23280 | D:13     | Got a glittering steel ring
 23449 | D:13     | Got a dazzling hunting sling
 23687 | Temple   | Identified the +9 battleaxe of Patterns {vorpal, rC++}
                  | (Trog gifted it to you on level 13 of the Dungeon)
 23698 | Temple   | Identified the -4 pair of boots "Saschys" {rElec} (You
                  | found it on level 13 of the Dungeon)
 23705 | Temple   | Identified the cursed ring of Bosip {rC++ rN+ Int-2 Slay-4}
                  | (You found it on level 13 of the Dungeon)
 24815 | Lair:4   | Noticed Sonja
 24846 | Lair:4   | Found a staircase to the Snake Pit.
 24864 | Lair:4   | Cast into level 2 of the Abyss (Sonja)
 24929 | Abyss:2  | Paralysed by accursed screaming for 1 turns
 24964 | Abyss:2  | Killed from afar by a hell hog

Illustrated notes

Levels and vault maps discovered:
D:1:      dpeg_arrival_castle, layout_basic, chequers_decorated_corner,
          minmay_door_square, tso_metal_star
D:2:      layout_rooms, lemuel_round_altar, uniq_sigmund, uniq_robin,
          uniq_jessica
D:3:      layout_loops_ring, kennysheep_ying_yang, first_ration,
          uniq_crazy_yiuf_cottage, uniq_ijyb, uniq_terence
D:4:      minmay_clustersquares, layout_layer_cave, grunt_temple_overflow_open,
          nicolae_temple_entry_ecumenical, enter_ossuary_5
D:5:      layout_cave_pods, minmay_shop_damaged
D:6:      layout_cave_pods, okawaru_metal_pillars_1_2, uniq_prince_ribbit1
D:7:      layout_basic, basic_altar
D:8:      layout_basic, overflow_temple_1_default, erik_lair_orcish_takeover,
          hangedman_ranch [blue_anna_fruit_fields]
D:9:      kennysheep_ambush_hall, layout_basic, overflow_temple_1_default,
          orc_0_dummy, special_room [special_room_orc], uniq_erolcha
D:10:     layout_roguey, enter_trove_2, grunt_ministairs_1,
          kennysheep_generic_room_4, uniq_nergalle
D:11:     layout_basic, minmay_misc_feat_tiny, chequers_mini_garden
D:12:     layout_loops_ring, lemuel_old_faithful
D:13:     kennysheep_treasure_stockpile, layout_irregular_city, erik_vaults_1,
          gammafunk_ghost_crypt, uniq_azrael
D:14:     layout_small_grid, minmay_rotating_lava
D:15:     gammafunk_enter_depths_forms, layout_irregular_city,
          amethyst_killhole, guppyfry_shop_blood
Temple:   compressed_dpeg_circular_temple
Lair:1:   layout_regular_city, serial_forest, infiniplex_forest_clump_small,
          infiniplex_forest_end_1, infiniplex_forest_zigzag_1,
          infiniplex_forest_clump_tiny, infiniplex_staircase_pool
Lair:2:   layout_roguey [special_room_bee], swamp_mist, portal_ice_cave_rime,
          grunt_megastairs_4
Lair:3:   regret_index_combs_of_tragedy, layout_regular_city,
          gammafunk_ghost_hydra_chop, serial_bayou_shore_b
Lair:4:   layout_regular_city, guppyfry_snake_entry_garden,
          lightli_volcano_entry_magma_tube, minmay_stone_trees_small, uniq_sonja
Orc:1:    layout_caves, basic_altar, statue_in_the_mist_lemuel, rock_pile
Orc:2:    st_orc_mages, layout_caves, serial_shops, shop, uniq_snorg
Abyss:2:  base:
D:6

Skill      XL: |  1  2  3  4  5  6  7  8  9 10 11 12 13 14 |
---------------+-------------------------------------------+-----
Axes           | 3 4 5 6 8 9 11 12 14 15 17 18 | 18.5
Fighting       | 4 5 6 7 9 10 11 12 | 12.9
Armour         | 4 5 6 7 8 9 10 11 12 | 12.6
Shields        | 4 5 6 9 11 13 15 16 18 | 18.5
Dodging        | |  0.7
Stealth        | |  0.2

Action                   |  1- 3 |  4- 6 |  7- 9 | 10-12 | 13-15 || total
-------------------------+-------+-------+-------+-------+-------++-------
Melee: War axe           |    61 |    95 |   359 |    43 |   103 ||   661
       Headbutt          |     6 |    12 |    75 |   151 |   152 ||   396
       Broad axe         |       |       |       |   671 |   561 ||  1232
Invok: Berserk           |       |       |     3 |    10 |     7 ||    20
       Brothers in Arms  |       |       |       |     1 |     7 ||     8
Evoke: Wand              |       |       |       |     1 |     1 ||     2
  Use: Scroll            |     5 |     3 |     9 |    19 |    11 ||    47
       Potion            |     3 |     7 |     2 |    12 |    11 ||    35
 Stab: Invisible         |       |       |       |     1 |       ||     1
       Distracted        |       |       |       |       |     1 ||     1
  Eat: Ration            |       |     1 |     4 |     8 |     6 ||    19
       Chunk             |       |     1 |     8 |    12 |    14 ||    35
Armor: Scale mail        |    29 |    29 |    57 |    10 |       ||   125
       Plate armour      |       |       |       |   138 |   112 ||   250
Dodge: Dodged            |    22 |    26 |    34 |    54 |    40 ||   176
Block: Kite shield       |    43 |    50 |   135 |       |       ||   228
       Tower shield      |       |       |   166 |   846 |   588 ||  1600
       Reflection        |       |       |     7 |    71 |    35 ||   113
